 Dungeon Crawl Stone Soup version 0.22-a0-443-g17c3723 (webtiles) character file.

183732 MisterFreud the Earth Mage (level 18, -1/119 HPs)
             Began as a Gargoyle Earth Elementalist on May 30, 2018.
             Was the Champion of Vehumet.
             Blown up by an orb spider (48 damage)
             ... with an orb of destruction
             ... on level 4 of the Spider Nest on June 1, 2018.
             The game lasted 02:54:52 (31450 turns).

MisterFreud the Earth Mage (GrEE)                  Turns: 31450, Time: 02:54:52

Health: -1/119     AC: 23    Str:  8    XL:     18   Next: 38%
Magic:  9/55       EV: 16    Int: 32    God:    Vehumet [******]
Gold:   2327       SH: 13    Dex: 13    Spells: 16/45 levels left

rFire    + + .     SeeInvis +   M - +8 hand axe "Vyaveh" {chop, rPois}
rCold    . . .     Gourm    .   D - +0 buckler
rNeg     + + +     Faith    .   I - +1 robe "Ysapy" {rF+ Int+4}
rPois    ∞         Spirit   .   g - +3 hat of Pondering {ponderous, MR+ MP+10 Int+5}
rElec    +         Reflect  +   n - +0 cloak
rCorr    .         Harm     .   Z - +0 pair of gloves {Dex+3}
MR       ++...                  N - +0 pair of boots
Stlth    +.........             P - brooch of Shielding {Reflect SH+8}
HPRegen  0.29/turn              k - ring "Aguyger" {rF+ rN+++ MP+9 Str-5 Stlth-}
MPRegen  0.34/turn              q - ring of see invisible

@: flying, slow
A: big wings, negative energy resistance 1, electricity resistance, unbreathing,
petrification resistance, rot immunity, AC +13
a: Stop Flying, Renounce Religion


You were on level 4 of the Spider Nest.
You worshipped Vehumet.
Vehumet was exalted by your worship.
You were not hungry.

You visited 5 branches of the dungeon, and saw 28 of its levels.

You collected 2751 gold pieces.
You spent 424 gold pieces at shops.

Inventory:

Hand Weapons
 M - the +8 hand axe "Vyaveh" (weapon) {chop, rPois}
   (You found it on level 2 of the Lair of Beasts)

   It inflicts extra damage upon your enemies.
   It protects you from poison.
Missiles
 b - 121 stones (quivered)
Armour
 e - the +2 shield "Xufuy" {rN+}
   (You bought it in a shop on level 2 of the Orcish Mines)

   It protects you from negative energy.
 g - the +3 hat of Pondering (worn) {ponderous, MR+ MP+10 Int+5}
   (You took it off Gastronok on level 3 of the Lair of Beasts)

   It affects your intelligence (+5).
   It affects your resistance to hostile enchantments.
   It affects your magic capacity (+10).
 n - a +0 cloak (worn)
 D - a +0 buckler (worn)
 I - the +1 robe "Ysapy" (worn) {rF+ Int+4}
   (You took it off a crimson imp on level 9 of the Dungeon)

   It affects your intelligence (+4).
   It protects you from fire.
 N - a +0 pair of boots (worn)
 Z - a +0 pair of gloves of dexterity (worn)
Jewellery
 k - the ring "Aguyger" (left hand) {rF+ rN+++ MP+9 Str-5 Stlth-}
   (You found it on level 5 of the Dungeon)

   [ring of protection from fire]

   It affects your strength (-5).
   It protects you from fire.
   It renders you almost immune to negative energy.
   It affects your magic capacity (+9).
   It makes you less stealthy.
 q - a ring of see invisible (right hand)
 B - an uncursed ring of protection from magic
 J - an uncursed ring of resist corrosion
 P - the brooch of Shielding (around neck) {Reflect SH+8}
   (You took it off a death knight on level 14 of the Dungeon)

   [amulet of reflection]

   It shields you and reflects attacks.
   It affects your SH (+8).
Wands
 t - a wand of iceblast (5)
 y - a wand of acid (30)
 F - a wand of paralysis (42)
 X - a wand of flame (34)
Scrolls
 h - 2 scrolls of enchant armour
 j - 10 scrolls of remove curse
 l - 2 scrolls of fog
 o - 2 scrolls of fear {unknown}
 p - a scroll of identify
 z - 4 scrolls of magic mapping
 E - 2 scrolls of immolation {unknown}
 G - 9 scrolls of teleportation
 O - 3 scrolls of amnesia
 U - a scroll of noise {unknown}
 Y - a scroll of silence {unknown}
Potions
 a - a potion of ambrosia
 c - 2 potions of haste
 f - 2 potions of invisibility
 i - 7 potions of mutation
 m - 4 potions of heal wounds
 s - 8 potions of curing
 v - 3 potions of magic
 C - 2 potions of cancellation
 R - 5 potions of brilliance
 W - a potion of resistance
Comestibles
 d - 30 rations


   Skills:
 - Level 15.0 Fighting
 + Level 4.4 Armour
 - Level 8.0 Dodging
 - Level 2.1 Stealth
 - Level 4.3 Shields
 - Level 14.0 Spellcasting
 - Level 10.0 Conjurations
 + Level 3.6 Summonings
 - Level 6.0 Necromancy
   Level 0.7 Transmutations
 - Level 20.0 Earth Magic


You had 16 spell levels left.
You knew the following spells:

 Your Spells              Type           Power        Failure   Level  Hunger
a - Sandblast             Erth           ######       0%          1    None
b - Stone Arrow           Conj/Erth      ######       0%          3    None
c - Lee's Rapid Deconstr  Erth           ########..   0%          5    None
d - Blink                 Tloc           N/A          3%          2    None
e - Borgnjor's Vile Clut  Necr/Erth      #######...   1%          5    None
f - Iron Shot             Conj/Erth      #######...   1%          6    ###....
g - Spellforged Servitor  Conj/Summ      ######....   26%         7    #####..

Your spell library contained the following spells:

 Spells                   Type           Power        Failure   Level  Hunger
 Cause Fear               Hex            ###.......   21%         4    None
 Magic Dart               Conj           ####         1%          1    None
 Conjure Flame            Conj/Fire      ######..     1%          3    None
 Bolt of Cold             Conj/Ice       ######....   11%         6    ###....
 Lightning Bolt           Conj/Air       ######....   1%          5    None
 Slow                     Hex            ###.....     3%          2    None
 Throw Frost              Conj/Ice       ######       1%          2    None
 Freezing Cloud           Conj/Ice/Air   #####.....   21%         6    ###....
 Mephitic Cloud           Conj/Pois/Air  #####...     1%          3    None
 Venom Bolt               Conj/Pois      ######....   1%          5    None
 Animate Dead             Necr           N/A          1%          4    None
 Pain                     Necr           ####         1%          1    None
 Animate Skeleton         Necr           N/A          1%          1    None
 Vampiric Draining        Necr           ######....   1%          3    None
 Ozocubu's Refrigeration  Ice            ###.......   58%         6    ###....
 Call Imp                 Summ           #####...     1%          2    None
 Regeneration             Chrm/Necr      #####.....   1%          3    None
 Shock                    Conj/Air       ####         1%          1    None
 Swiftness                Chrm/Air       ###.....     3%          2    None
 Ice Form                 Ice/Tmut       ###.....     17%         4    None
 Airstrike                Air            ###.......   5%          4    None
 Shadow Creatures         Summ           N/A          56%         6    ###....
 Passwall                 Tmut/Erth      ######..     1%          2    None
 Ensorcelled Hibernation  Hex/Ice        ###...       3%          2    None
 Metabolic Englaciation   Hex/Ice        ###.......   50%         5    None
 Silence                  Hex/Air        ###.......   50%         5    None
 Static Discharge         Conj/Air       ######..     1%          3    None
 Corona                   Hex            ###....      1%          1    None
 Simulacrum               Ice/Necr       #####.....   65%         6    ###....
 Portal Projectile        Hex/Tloc       ###...       6%          3    None
 Petrify                  Tmut/Erth      ######..     1%          4    None
 Passage of Golubria      Tloc           N/A          21%         4    None
 Leda's Liquefaction      Hex/Erth       ######....   1%          4    None
 Darkness                 Hex            ###.......   97%         6    ###....
 Inner Flame              Hex/Fire       ###.....     1%          3    None
 Lesser Beckoning         Tloc           ###.......   6%          3    None


Dungeon Overview and Level Annotations

Branches:
Dungeon (15/15)            Temple (1/1) D:6            Lair (6/6) D:9
 Shoals (0/4) Lair:4       Spider (4/4) Lair:4        Slime (0/5) Lair:6
    Orc (2/2) D:11            Elf (0/3) Orc:2        Vaults (0/5) D:13
 Depths: D:15

Altars:
Ashenzari
Cheibriados
Dithmenos
Elyvilon
Gozag
Hepliaklqana
Kikubaaqudgha
Okawaru
Qazlal
Ru
Sif Muna
Trog
Vehumet
Xom
Yredelemnul
The Shining One
Beogh
Jiyva

Shops:
D:5 [*   D:6 *   D:11 *   Orc:2 (=([


Innate Abilities, Weirdness & Mutations

You are resistant to torment.
Your stone body is resilient. (AC +13)
You are immune to poison.
Your large and strong wings let you fly indefinitely.
You resist negative energy. (rN+)
You are resistant to electric shocks. (rElec)
You can survive without breathing.
You are immune to petrification.
You are immune to rotting.


Message History

You feel your power returning.
The orb spider weaves a glowing orb of energy.
An orb of destruction comes into view.
Casting: Stone Arrow (safe; 0% risk of failure)
Confirm with . or Enter, or press ? or * to list all spells.
Aiming: Lee's Rapid Deconstruction (safe; 0% risk of failure)
Press: ? - help, Dir - move target cursor The wall shatters!
The blast of rock fragments hits the orb spider.
You kill the orb spider!
Vehumet accepts your kill.
You feel your power returning.
The blast of rock fragments hits the redback.
You kill the redback!
Vehumet accepts your kill.
You feel your power returning.
You hear an angry hiss.
An orb of destruction is nearby!
The orb of destruction hits you!
You die...

##...§^## #...§§.###
#...§..#^##
#..§..≈#..###
#.^§.^^#^...#####
#..§..†#........#
..#^..§..#.......^#
...#..^§..#^.....^##
#
...^^^.@...≈.....≈#
#####
...................#
.#..#
.....#≈!...≈#....^^#
.#..#
....^#^.....#......#
#### ....#
.....#.....^#......#
#..# ...^# ....
#...).^#......# #..#
..^###
##^...≈#......# #...
...#^#
#^....#^.....# #...
^....#
#^....#....^#....^.#
#.^.


There were no monsters in sight!

Vanquished Creatures
  Arachne (Spider:2)
  Kirke (Lair:6)
  Gastronok (Lair:3)
  A storm dragon (D:14)
  3 ghost moths
  Louise (D:14)
  2 emperor scorpions (Spider:4)
  An orc warlord (Orc:1)
  An entropy weaver (Spider:4)
  A spark wasp (Spider:4)
  The ghost of TheNamelessOne the Ripper, a journeyman FeBe of Trog (Spider:4)
  Snorg (D:14)
  A yaktaur captain (D:14)
  Erolcha (D:12)
  Harold (D:10)
  4 hydras
  A rakshasa (D:13)
  A catoblepas (Lair:6)
  9 two-headed ogres
  A dancing weapon (D:14)
  A death knight (D:14)
  4 centaur warriors
  3 death yaks (Lair:4)
  The ghost of Totori the Fighter, a novice OgSk of Okawaru (D:7)
  3 tengu warriors (D:14)
  A deep troll earth mage (D:14)
  Urug (Lair:3)
  Sonja (D:14)
  3 skeletal warriors
  An unseen horror (D:15)
  A phantasmal warrior (D:15)
  4 orc knights
  A necromancer (D:15)
  4 orc sorcerers (Orc:2)
  4 oklob plants (Lair:6)
  22 orb spiders
  6 ugly things
  23 wolf spiders
  A manticore (D:14)
  A moth of wrath (Spider:4)
  16 elephants
  3 cyclopes
  6 black mambas
  7 spiny frogs
  A kobold demonologist (D:14)
  13 demonic crawlers
  2 freezing wraiths (D:14)
  A komodo dragon (Lair:1)
  A harpy zombie (D:15)
  50 jumping spiders
  12 polar bears
  A meliai (shapeshifter) (D:14)
  4 trolls
  A tengu conjurer (D:14)
  7 hornets
  22 blink frogs
  9 hippogriffs
  15 dream sheep
  A raiju (Lair:6)
  A snapping turtle (Lair:4)
  68 redbacks
  23 tarantellas
  A centaur simulacrum (D:15)
  A spriggan (Lair:4)
  2 hogs (Lair:6)
  A wraith (D:14)
  2 wyverns
  A basilisk (Lair:6)
  15 humans (D:13)
  55 yaks
  5 vampire mosquitoes
  5 wargs
  14 water moccasins
  16 hell hounds (Lair:6)
  An acid dragon (D:15)
  3 porcupines
  33 orc warriors
  An ice beast (D:13)
  3 sky beasts
  2 phantoms
  3 necrophages
  15 black bears
  6 ogres
  24 wolves
  6 centaurs
  A yaktaur zombie (D:15)
  12 crocodiles
  3 big kobolds
  14 bullfrogs
  A wyvern zombie (D:9)
  A yaktaur skeleton (D:15)
  6 scorpions
  15 killer bees
  11 wights
  3 howler monkeys
  4 electric eels
  3 crimson imps
  2 centaur zombies
  A quasit (D:9)
  2 hounds
  25 orc priests
  4 centaur skeletons
  3 iguanas
  31 orc wizards
  6 hell rats (Lair:6)
  11 worker ants
  A hound zombie (D:7)
  3 howler monkey zombies
  A worker ant zombie (D:7)
  15 adders
  2 shadow imps (D:10)
  An ooze (D:1)
  3 adder skeletons
  2 worms
  A dart slug (D:1)
  5 leopard geckos
  108 orcs
  2 ball pythons (D:2)
  6 bats
  7 giant cockroaches
  3 hobgoblins
  7 jackals
  17 kobolds
  8 quokkas
  7 frilled lizards
  9 goblins
  A jackal skeleton (D:7)
  A quokka skeleton (D:9)
  18 rats
  A fungus (Lair:6)
  A plant (Lair:6)
988 creatures vanquished.

Vanquished Creatures (others)
  A centaur warrior (D:14)
  A cyclops (D:14)
  2 redbacks (Spider:4)
  2 humans (Lair:6)
  A wolf (Lair:6)
  A killer bee zombie (D:10)
  4 bushes (Lair:6)
  18 fungi (Lair:6)
  32 plants
  2 withered plants (D:15)
64 creatures vanquished.

Grand Total: 1052 creatures vanquished

Notes
Turn   | Place    | Note
-------+----------+-------------------------------------------
     0 | D:1      | MisterFreud the Gargoyle Earth Elementalist began the quest for the Orb.
     0 | D:1      | Reached XP level 1. HP: 10/10 MP: 3/3
   292 | D:2      | Reached skill level 4 in Earth Magic
   535 | D:2      | Reached XP level 2. HP: 7/15 MP: 3/5
  1099 | D:2      | Reached skill level 5 in Earth Magic
  1099 | D:2      | Reached XP level 3. HP: 19/19 MP: 3/6
  1371 | D:2      | Learned a level 3 spell: Stone Arrow
  2074 | D:1      | Reached XP level 4. HP: 24/24 MP: 5/7
  2323 | D:2      | Reached skill level 6 in Earth Magic
  3432 | D:3      | Reached XP level 5. HP: 27/28 MP: 6/8
  3782 | D:3      | Reached skill level 7 in Earth Magic
  4242 | D:4      | Found a stormy altar of Qazlal.
  4291 | D:4      | Reached XP level 6. HP: 31/32 MP: 6/9
  4354 | D:4      | Reached skill level 8 in Earth Magic
  4770 | D:4      | Noticed a black bear
  4789 | D:4      | Killed a black bear
  5162 | D:5      | Entered Level 5 of the Dungeon
  5197 | D:5      | Reached XP level 7. HP: 34/36 MP: 9/12
  5240 | D:5      | Got a slimy ivory ring
  5247 | D:5      | Identified the ring "Aguyger" {rF+ rN+++ MP+9 Str-5 Stlth-} (You found it on level 5 of the Dungeon)
  5302 | D:5      | Found a shattered altar of Ashenzari.
  5734 | D:5      | Reached skill level 5 in Spellcasting
  6046 | D:5      | Reached XP level 8. HP: 41/41 MP: 15/15
  6057 | D:5      | Found Dijoilen's Assorted Antiques.
  6151 | D:5      | Found Deqiru Cuclu's Armour Boutique.
  6159 | D:5      | Bought a +0 helmet of intelligence for 149 gold pieces
  6357 | D:6      | Found Qaockula's Assorted Antiques.
  6521 | D:6      | Reached skill level 5 in Conjurations
  6525 | D:6      | Found a staircase to the Ecumenical Temple.
  6530 | Temple   | Entered the Ecumenical Temple
  6571 | Temple   | Became a worshipper of Vehumet
  7114 | D:6      | Found a shattered altar of Ashenzari.
  7384 | D:7      | Reached skill level 9 in Earth Magic
  7602 | D:7      | Noticed Totori's ghost (novice OgSk)
  7658 | D:7      | Reached skill level 10 in Earth Magic
  7658 | D:7      | Reached XP level 9. HP: 41/45 MP: 14/18
  7699 | D:7      | Reached * piety under Vehumet
  7699 | D:7      | Offered knowledge of Shock by Vehumet.
  7853 | D:7      | Killed Totori's ghost
  7853 | D:7      | Reached skill level 11 in Earth Magic
  8497 | D:8      | Noticed a two-headed ogre
  8592 | D:8      | Found a white marble altar of Elyvilon.
  8595 | D:8      | Found a sacrificial altar of Ru.
  8598 | D:8      | Found a snail-covered altar of Cheibriados.
  8736 | D:8      | Reached XP level 10. HP: 50/50 MP: 18/22
  8823 | D:8      | Reached skill level 12 in Earth Magic
  8823 | D:8      | Noticed a two-headed ogre
  8831 | D:9      | Noticed a two-headed ogre
  8848 | D:8      | Killed a two-headed ogre
  9217 | D:8      | Killed a two-headed ogre
  9422 | D:9      | Reached skill level 13 in Earth Magic
  9475 | D:9      | Offered knowledge of Searing Ray by Vehumet.
  9509 | D:9      | Reached ** piety under Vehumet
  9528 | D:9      | Found an ancient bone altar of Kikubaaqudgha.
  9927 | D:8      | Reached XP level 11. HP: 35/54 MP: 24/24
 10034 | D:9      | Reached skill level 10 in Spellcasting
 10062 | D:9      | Reached skill level 14 in Earth Magic
 10090 | D:9      | Killed a two-headed ogre
 10095 | D:9      | Got a creamy pearl robe
 10118 | D:8      | Identified the cursed +1 robe "Ysapy" {rF+ Int+4} (You took it off a crimson imp on level 9 of the Dungeon)
 10220 | D:9      | Offered knowledge of Throw Frost by Vehumet.
 10426 | D:9      | Found a staircase to the Lair.
 10525 | Lair:1   | Entered Level 1 of the Lair of Beasts
 10543 | Lair:1   | Learned a level 5 spell: Lee's Rapid Deconstruction
 10598 | Lair:1   | Reached skill level 1 in Fighting
 10628 | Lair:1   | Learned a level 2 spell: Blink
 10638 | Lair:1   | Reached *** piety under Vehumet
 10638 | Lair:1   | Reached skill level 15 in Earth Magic
 10882 | Lair:1   | Noticed an eight-headed hydra
 10890 | Lair:1   | Killed an eight-headed hydra
 11782 | Lair:2   | Reached skill level 5 in Fighting
 11975 | Lair:2   | Got an encrusted hand axe
 11976 | Lair:2   | Identified the +8 hand axe "Vyaveh" {chop, rPois} (You found it on level 2 of the Lair of Beasts)
 12622 | Lair:3   | Noticed Urug
 12634 | Lair:3   | Killed Urug
 12738 | Lair:3   | Noticed Gastronok
 12772 | Lair:3   | Killed Gastronok
 12772 | Lair:3   | Reached XP level 12. HP: 63/76 MP: 21/26
 12978 | Lair:3   | Reached skill level 10 in Fighting
 13017 | Lair:3   | Offered knowledge of Throw Icicle by Vehumet.
 13649 | Lair:4   | Found a hole to the Spider Nest.
 13819 | Lair:4   | Reached skill level 16 in Earth Magic
 14184 | Lair:4   | Reached **** piety under Vehumet
 14228 | Lair:4   | Offered knowledge of Yara's Violent Unravelling by Vehumet.
 14337 | Lair:4   | Reached skill level 17 in Earth Magic
 14458 | Lair:4   | Reached XP level 13. HP: 66/82 MP: 27/27
 14492 | Lair:4   | Upgraded the game from 0.22-a0-441-gcf5b0c6 to 0.22-a0-443-g17c3723
 14497 | Lair:4   | Reached skill level 18 in Earth Magic
 15032 | Lair:4   | Found a staircase to the Shoals.
 15201 | Lair:4   | Identified the Volume of Conjuration and Displacement
 15441 | Lair:5   | Reached skill level 19 in Earth Magic
 15726 | Lair:5   | Reached ***** piety under Vehumet
 16380 | Lair:6   | Entered Level 6 of the Lair of Beasts
 16577 | Lair:6   | Offered knowledge of Orb of Destruction by Vehumet.
 16579 | Lair:6   | Reached skill level 20 in Earth Magic
 16802 | Lair:6   | Found a viscous altar of Jiyva.
 16823 | Lair:6   | Gained mutation: Your large and strong wings let you fly indefinitely. [Gargoyle growth]
 16823 | Lair:6   | Reached XP level 14. HP: 88/88 MP: 28/28
 17041 | Lair:5   | Reached skill level 5 in Dodging
 17223 | Lair:6   | Noticed Kirke
 17228 | Lair:6   | Killed Kirke
 17450 | Lair:6   | Learned a level 5 spell: Borgnjor's Vile Clutch
 17557 | Lair:6   | Found a staircase to the Slime Pits.
 18750 | D:10     | Entered Level 10 of the Dungeon
 19074 | D:10     | Noticed Harold
 19077 | D:10     | Killed Harold
 19417 | D:10     | Offered knowledge of Iskenderun's Battlesphere by Vehumet.
 19796 | D:11     | Found a labyrinth entrance.
 19879 | D:11     | Found Xuicaput's General Store.
 19936 | D:11     | Found a staircase to the Orcish Mines.
 19947 | D:11     | Found a roughly hewn altar of Beogh.
 20253 | D:12     | Noticed Erolcha
 20257 | D:12     | Killed Erolcha
 20434 | D:12     | Reached XP level 15. HP: 97/97 MP: 29/29
 21502 | D:13     | Found a gate to the Vaults.
 22109 | D:14     | Noticed Snorg
 22114 | D:14     | Killed Snorg
 22187 | D:14     | Offered knowledge of Irradiate by Vehumet.
 23018 | D:14     | Reached skill level 1 in Shields
 23316 | D:14     | Noticed a storm dragon
 23327 | D:14     | Killed a storm dragon
 23327 | D:14     | Reached skill level 15 in Fighting
 23468 | D:14     | Noticed Sonja
 23476 | D:14     | Killed Sonja
 23790 | D:14     | Noticed Louise
 23795 | D:14     | Killed Louise
 24106 | D:15     | Entered Level 15 of the Dungeon
 24720 | D:14     | Reached XP level 16. HP: 108/108 MP: 31/31
 24797 | D:15     | Offered knowledge of Conjure Ball Lightning by Vehumet.
 25146 | Orc:1    | Entered Level 1 of the Orcish Mines
 25354 | Orc:1    | Reached XP level 17. HP: 96/113 MP: 15/33
 25741 | Orc:2    | Entered Level 2 of the Orcish Mines
 25923 | Orc:2    | Found a roughly hewn altar of Beogh.
 25937 | Orc:2    | Found a roughly hewn altar of Beogh.
 25959 | Orc:2    | Found Soigin's Weapon Emporium.
 26093 | Orc:2    | Found a staircase to the Elven Halls.
 26213 | Orc:2    | Found a roughly hewn altar of Beogh.
 26227 | Orc:2    | Found Gususmoz's Jewellery Shoppe.
 26388 | Orc:2    | Offered knowledge of Iron Shot by Vehumet.
 26553 | Orc:1    | Learned a level 6 spell: Iron Shot
 26816 | Orc:2    | Found Moaraz's Antique Weapon Boutique.
 26817 | Orc:2    | Found a roughly hewn altar of Beogh.
 26820 | Orc:2    | Found Vaoplywk's Antique Armour Shop.
 26825 | Orc:2    | Bought a heavily runed shield for 275 gold pieces
 27029 | Orc:2    | Identified the +2 shield "Xufuy" {rN+} (You bought it in a shop on level 2 of the Orcish Mines)
 27448 | Spider:1 | Entered Level 1 of the Spider Nest
 28347 | Spider:1 | Reached ****** piety under Vehumet
 28592 | Spider:2 | Offered knowledge of Poison Arrow by Vehumet.
 28602 | Spider:2 | Noticed Arachne
 28738 | Spider:2 | Killed Arachne
 29541 | Spider:3 | Reached skill level 1 in Necromancy
 30168 | Spider:4 | Entered Level 4 of the Spider Nest
 30236 | Spider:4 | Reached skill level 10 in Conjurations
 30395 | Spider:4 | Reached XP level 18. HP: 119/119 MP: 35/36
 30414 | Spider:4 | Noticed TheNamelessOne's ghost (journeyman FeBe)
 30416 | Spider:4 | Offered knowledge of Spellforged Servitor by Vehumet.
 30472 | Spider:4 | Reached skill level 5 in Necromancy
 30629 | Spider:4 | Learned a level 7 spell: Spellforged Servitor
 31009 | Spider:4 | Reached skill level 1 in Armour
 31015 | Spider:4 | Killed TheNamelessOne's ghost
 31015 | Spider:4 | Reached skill level 1 in Summonings
 31450 | Spider:4 | Blown up by an orb spider

Vault maps used:
D:1:      erik_arrival_orb_chamber
D:3:      minmay_misc_feat_secret_circle
D:4:      black_bear_nest_1, grunt_qazlal_sundering
D:5:      basic_altar, serial_shops, shop, shop, first_ration
D:6:      ashenzari_conservatory_becter, temple_doors_e, serial_shops, shop
D:8:      grunt_temple_overflow_diamond
D:9:      lemuel_crystal_altar, lair_entry_dummy
D:10:     uniq_harold
D:11:     minmay_orc_entry_temple_small, lab_entry_generic, serial_shops,
          nicolae_shop_crystal
D:12:     uniq_erolcha
D:13:     david_vaults_3
D:14:     minmay_octo_star, serial_aquarium, aquarium_bridge_straight,
          aquarium_window_fake, aquarium_window_fake, aquarium_view_2a,
          uniq_snorg, uniq_sonja, uniq_louise
D:15:     gammafunk_depths_entry_grave, fedhas_altar_2, evilmike_ruin_ashenzari
Temple:   eino_temple_rhombus
Lair:1:   serial_bayou_shore_b
Lair:2:   statuecave_lemuel, minmay_holes
Lair:3:   serial_forest, infiniplex_forest_corner_1,
          infiniplex_forest_clump_double, infiniplex_forest_straight_3,
          infiniplex_forest_clump_curved, infiniplex_forest_end_1,
          infiniplex_forest_fountain, infiniplex_forest_clump_cross,
          infiniplex_forest_lined_room_3, infiniplex_forest_end_3,
          infiniplex_forest_straight_3, minmay_stone_trees_medium,
          nicolae_quartered_pool_super, uniq_urug, uniq_gastronok
Lair:4:   cheibrodos_lair_river_kwai, minmay_shoals_entry_hut,
          nicolae_spider_entry_tight_spaces, forest_entry_grove,
          grunt_megastairs_1
Lair:6:   hangedman_lair_caniforms_friends, slime_altar_1,
          minmay_lair_oklob_chamber, serial_bayou_shore_a, uniq_kirke
Spider:1: spider_trap, hangedman_spider_tarantella_strand
Spider:2: uniq_arachne
Spider:4: grunt_spider_rune_parallel
Orc:2:    grunt_orc_community_town_hall, grunt_orc_community_big_house_1,
          grunt_orc_community_big_house_2, grunt_orc_community_house_1,
          grunt_orc_community_house_1, grunt_orc_community_house_2,
          grunt_orc_community_house_2

Skill      XL: |  1  2  3  4  5  6  7  8  9 10 11 12 13 14 15 16 17 18 |
---------------+-------------------------------------------------------+-----
Earth Magic    | 4 5 6 7 8 10 11 13 15 17 20 | 20.0
Spellcasting   | 3 5 6 8 9 10 11 12 14 | 14.0
Conjurations   | 3 5 10 | 10.0
Fighting       | 9 10 12 15 | 15.0
Dodging        | 3 8 |  8.0
Shields        | 4 |  4.3
Necromancy     | 4 6 |  6.0
Armour         | 4 |  4.4
Summonings     | 3 |  3.6
Stealth        | |  2.1
Transmutations | |  0.7

Action                   |  1- 3 |  4- 6 |  7- 9 | 10-12 | 13-15 | 16-18 || total
-------------------------+-------+-------+-------+-------+-------+-------++-------
Melee: Unarmed           |    34 |       |       |       |       |       ||    34
       Hand axe          |    81 |    99 |       |     8 |   127 |    58 ||   373
       Whip              |       |    87 |    99 |    18 |       |       ||   204
 Cast: Sandblast         |    13 |    25 |    48 |   251 |   242 |   167 ||   746
       Stone Arrow       |       |     4 |    75 |   128 |   253 |   199 ||   659
       Blink             |       |       |       |     3 |       |     4 ||     7
       Lee's Rapid Decon |       |       |       |       |   154 |   101 ||   255
       Borgnjor's Vile C |       |       |       |       |     1 |    49 ||    50
       Iron Shot         |       |       |       |       |       |    56 ||    56
 Abil: Fly               |       |       |       |       |       |     1 ||     1
  Use: Scroll            |       |     4 |     2 |     7 |    12 |     4 ||    29
       Potion            |       |       |       |     2 |     2 |       ||     4
 Stab: Sleeping          |     1 |     1 |       |       |       |       ||     2
  Eat: Chunk             |     4 |     5 |    12 |    11 |    36 |    14 ||    82
       Ration            |       |     2 |       |     2 |     4 |     4 ||    12
Armor: Robe              |    39 |    71 |    52 |    86 |   135 |   151 ||   534
Dodge: Dodged            |    60 |   122 |    98 |    95 |   314 |   196 ||   885
Block: Other             |       |       |     5 |    34 |    55 |       ||    94
       Reflection        |       |       |     1 |     1 |     7 |     3 ||    12
       Buckler           |       |       |       |       |    19 |   214 ||   233

Table legend:
 A = Spawn XP
 B = Non-spawn XP
 C = Spawn XP percentage of total XP
 D = Spawn monster count
 E = Non-spawn monster count
 F = Spawn count percentage of total count
 G = Total turns spent on level
                    A         B        C        D         E        F      G
               +---------+---------+-------+---------+---------+-------+---------
         Total |       0 |  221067 |   0.0 |       0 |     990 |   0.0 | 31450
               +---------+---------+-------+---------+---------+-------+---------
           D:1 |       0 |      44 |   0.0 |       0 |      27 |   0.0 |  1155
           D:2 |       0 |     107 |   0.0 |       0 |      32 |   0.0 |  2210
           D:3 |       0 |      57 |   0.0 |       0 |      19 |   0.0 |   834
           D:4 |       0 |     388 |   0.0 |       0 |      17 |   0.0 |  1118
           D:5 |       0 |     650 |   0.0 |       0 |      19 |   0.0 |   988
           D:6 |       0 |     608 |   0.0 |       0 |      18 |   0.0 |   842
           D:7 |       0 |    1928 |   0.0 |       0 |      22 |   0.0 |  1243
           D:8 |       0 |    4159 |   0.0 |       0 |      33 |   0.0 |  1273
           D:9 |       0 |    4288 |   0.0 |       0 |      35 |   0.0 |   939
          D:10 |       0 |    3013 |   0.0 |       0 |      29 |   0.0 |   902
          D:11 |       0 |    1639 |   0.0 |       0 |      27 |   0.0 |   658
          D:12 |       0 |    6110 |   0.0 |       0 |      21 |   0.0 |   901
          D:13 |       0 |    7259 |   0.0 |       0 |      23 |   0.0 |  1201
          D:14 |       0 |   26528 |   0.0 |       0 |      64 |   0.0 |  2472
          D:15 |       0 |    6416 |   0.0 |       0 |      19 |   0.0 |    92
        Lair:1 |       0 |    2770 |   0.0 |       0 |      13 |   0.0 |  1416
        Lair:2 |       0 |    1264 |   0.0 |       0 |       7 |   0.0 |   789
        Lair:3 |       0 |    8180 |   0.0 |       0 |      25 |   0.0 |  1345
        Lair:4 |       0 |   16007 |   0.0 |       0 |      56 |   0.0 |  1601
        Lair:5 |       0 |    6570 |   0.0 |       0 |      25 |   0.0 |  1439
        Lair:6 |       0 |   30574 |   0.0 |       0 |     128 |   0.0 |  1904
      Spider:1 |       0 |   15681 |   0.0 |       0 |      47 |   0.0 |  1129
      Spider:2 |       0 |   11651 |   0.0 |       0 |      25 |   0.0 |  1043
      Spider:3 |       0 |   17836 |   0.0 |       0 |      50 |   0.0 |   948
      Spider:4 |       0 |   36214 |   0.0 |       0 |      88 |   0.0 |   882
         Orc:1 |       0 |    5009 |   0.0 |       0 |      41 |   0.0 |  1011
         Orc:2 |       0 |    6117 |   0.0 |       0 |      80 |   0.0 |  1057
               +---------+---------+-------+---------+---------+-------+---------
